 Dungeon Crawl Stone Soup version 0.17-a0-633-gcf22183 (webtiles) character file.

119 Psiweapon the Bolt Thrower (level 5, 0/32 HPs)
             Began as a Kobold Hunter on Apr 17, 2015.
             Slain by an orc
             ... wielding a +0 war axe
              (5 damage)
             ... on level 3 of the Dungeon.
             The game lasted 00:06:49 (2045 turns).

Psiweapon the Bolt Thrower (Kobold Hunter)          Turns: 2045, Time: 00:06:49

Health: 0/32       AC:  4    Str: 11    XL:     5   Next: 24%
Magic:  5/5        EV: 15    Int:  9    God:
Gold:   44         SH:  0    Dex: 17    Spells: 0 memorised, 4 levels left

rFire  . . .     SeeInvis .     b - +0 dagger (venom)
rCold  . . .     Clarity  .     d - +0 leather armour
rNeg   . . .     SustAb   .     (shield restricted)
rPois  .         Gourm    .     (no helmet)
rElec  .         Spirit   .     (no cloak)
rCorr  .         Warding  .     s - +0 pair of gloves
rMut   .         Stasis   .     (no boots)
MR     .....                    (no amulet)
Stlth  ++........               (no ring)
                                (no ring)

@: not resistant to hostile enchantments, unstealthy
A: carnivore 3
a: no special abilities


You were on level 3 of the Dungeon.
You were full.

You visited 1 branch of the dungeon, and saw 4 of its levels.

You collected 44 gold pieces.

Inventory:

Hand weapons
 a - a +1 hand crossbow
 b - a +0 dagger of venom (weapon)
 k - a +0 short sword
Missiles
 c - 22 bolts
Armour
 d - a +0 leather armour (worn)
 q - a +0 shield
 s - a +0 pair of gloves (worn)
Scrolls
 h - 2 scrolls of remove curse {unknown}
 j - a scroll of recharging {unknown}
 l - 8 scrolls of identify {unknown}
 m - a scroll of teleportation {unknown}
 n - 2 scrolls of fear {unknown}
 t - 2 scrolls of blinking {unknown}
 v - 2 scrolls of amnesia {unknown}
 w - a scroll of fog {unknown}
Potions
 e - 2 potions of brilliance {unknown}
 i - 2 potions of restore abilities {unknown}
 o - a potion of ambrosia {unknown}
 p - a potion of mutation {unknown}
 r - a potion of beneficial mutation {unknown}
 u - a potion of poison {unknown}
Comestibles
 f - a meat ration
 g - 6 chunks of flesh


   Skills:
 + Level 3.0 Fighting
 + Level 1.0 Short Blades
 + Level 5.9 Crossbows
 + Level 1.0 Armour
 + Level 2.9 Dodging
 + Level 3.2 Stealth


You had 4 spell levels left.
You didn't know any spells.

Dungeon Overview and Level Annotations

Branches:
Dungeon (4/15)
 Temple: D:4-7

Altars:
Qazlal

Shops:
D:4 (

Annotations:
D:4 Pikel


Innate Abilities, Weirdness & Mutations

You are small and have problems with some larger weapons.
You are carnivorous and can eat meat at any time.


Message History

You feel a wave of unholy energy pass over you.
The hound barely misses you.
You climb upwards. 4 orcs come into view.
Found a dagger.
Found a stone staircase leading up.
There is a stone staircase leading down here.
You hit the hound but do no damage.
The orc shouts!
The hound bites you.
The orc shouts!
You hit the hound but do no damage.
The hound is poisoned.
The hound closely misses you. The hound bites you.
You closely miss the hound. The hound bites you but does no damage.
You hit the orc but do no damage.
The orc is poisoned.
The hound bites you. The hound barely misses you.
You closely miss the orc. The hound bites you but does no damage.
The orc hits you with a short sword!
* * * LOW HITPOINT WARNING * * *
The orc hits you with a war axe.
You die...

############
#..........###
#.....h........
#.....@o.......
#.....oo.......
######o.......
#.....)..
#........
#.......
#....<. #.....
#..


You could see a hound and 4 orcs.

Vanquished Creatures
  A worker ant (D:4)
  3 adders
  An ooze (D:2)
  A giant gecko (D:1)
  A ball python (D:1)
  4 bats
  6 giant cockroaches
  11 hobgoblins
  3 giant newts (D:2)
  12 goblins
  7 kobolds
  7 rats
57 creatures vanquished.

Notes
Turn   | Place    | Note
--------------------------------------------------------------
     0 | D:1      | Psiweapon, the Kobold Hunter, began the quest for the Orb.
     0 | D:1      | Reached XP level 1. HP: 12/12 MP: 1/1
   143 | D:1      | Reached XP level 2. HP: 16/18 MP: 2/2
   144 | D:1      | Reached skill level 5 in Crossbows
   620 | D:1      | Reached XP level 3. HP: 22/22 MP: 3/3
  1471 | D:2      | Reached XP level 4. HP: 27/27 MP: 4/4
  1482 | D:2      | Found a stormy altar of Qazlal.
  1915 | D:2      | Reached skill level 1 in Short Blades
  1945 | D:4      | Found Enaaph's Antique Weapon Emporium.
  1956 | D:4      | Reached skill level 1 in Armour
  1956 | D:4      | Reached XP level 5. HP: 26/32 MP: 5/5
  2015 | D:4      | Noticed Pikel
  2015 | D:4      | Noticed a slave
  2015 | D:4      | Noticed a slave
  2015 | D:4      | Noticed a slave
  2045 | D:3      | Slain by an orc

Action                   |  1- 3 |  4- 6 || total
-------------------------+-------+-------++-------
Melee: Short sword       |     6 |       ||     6
       Dagger            |    55 |    58 ||   113
 Fire: Hand crossbow     |    41 |     2 ||    43
 Stab: Sleeping          |     1 |     4 ||     5
       Distracted        |       |     1 ||     1
  Eat: Chunk             |     9 |       ||     9
